 Dungeon Crawl Stone Soup version 0.30.1-4-g462c640d31 (webtiles) character file.

Game seed: 14068871978001156909

28984 spardeous the Placeless Demigod (level 12, -10/81 HPs)
             Began as a Demigod Conjurer on Aug 12, 2023.
             Killed from afar by Jorgrun (44 damage)
             ... with an iron shot
             ... on level 13 of the Dungeon.
             The game lasted 00:28:55 (18168 turns).

spardeous the Placeless Demigod (Demigod Conjurer) Turns: 18168, Time: 00:28:56

Health: -10/81     AC: 17    Str: 12    XL:     12   Next: 80%
Magic:  27/31      EV: 13    Int: 28    God:
Gold:   1763       SH:  5    Dex: 16    Spells: 26/33 levels left

rFire   + . .        J - staff of conjuration
rCold   . . .        d - +2 buckler
rNeg    . . .        T - +0 acid dragon scales
rPois   .            F - +0 helmet
rElec   +            (no cloak)
rCorr   +            g - +0 pair of gloves
SInv    +            z - +2 pair of boots
Will    ++...        (no amulet)
Stlth   ++           I - +4 ring of protection
HPRegen 0.33/turn    A - ring of Giamy {Drain rElec rF+ Will+ SInv}
MPRegen 0.22/turn

%: no passive effects
@: no status effects
A: high MP 1, forlorn, divine attributes
a: no special abilities


You were on level 13 of the Dungeon.
You visited 1 branch of the dungeon, and saw 13 of its levels.

You collected 1763 gold pieces.

Inventory:

Hand Weapons
 L - the +6 long sword of Bijivoic {speed, rF+}
   (You found it on level 5 of the Dungeon)

   rF:        It protects you from fire.
 X - a +0 triple crossbow of draining
Armour
 d - a +2 buckler (worn)
 g - a +0 pair of gloves (worn)
 w - the +1 robe "Baeb" {Contam rN+ Int+7}
   (You found it on level 3 of the Dungeon)

   Int:       It affects your intelligence (+7).
   rN:        It protects you from negative energy.
   Contam:    It causes magical contamination when unequipped.
 z - a +2 pair of boots (worn)
 F - a +0 helmet (worn)
 Q - a +0 kite shield
 T - +0 acid dragon scales (worn)
Magical Staves
 J - a staff of conjuration (weapon)
Jewellery
 s - a +6 ring of intelligence
 A - the ring of Giamy (right hand) {Drain rElec rF+ Will+ SInv}
   (You found it on level 12 of the Dungeon)

   [ring of willpower]

   rF:        It protects you from fire.
   rElec:     It insulates you from electricity.
   SInv:      It lets you see invisible.
   Drain:     It drains your maximum health when unequipped.
   Will:      It increases your willpower.
 I - a +4 ring of protection (left hand)
 O - a ring of flight
 P - a ring of willpower
 S - a ring of protection from cold
Wands
 c - a wand of polymorph (13)
 v - a wand of charming (2)
 E - a wand of quicksilver (9)
 M - a wand of roots (14)
 W - a wand of flame (21)
Scrolls
 e - a scroll of amnesia {unknown}
 f - a scroll of fog
 k - 6 scrolls of teleportation
 l - 2 scrolls of poison
 m - 5 scrolls of magic mapping {unknown}
 r - 3 scrolls of enchant weapon {unknown}
 t - 2 scrolls of torment {unknown}
 x - a scroll of fear {unknown}
 y - 2 scrolls of enchant armour {unknown}
 B - a scroll of vulnerability {unknown}
 G - a scroll of blinking {unknown}
 U - a scroll of silence {unknown}
 V - 2 scrolls of immolation
 Y - a scroll of noise {unknown}
Potions
 a - 3 potions of heal wounds {unknown}
 b - 3 potions of magic
 h - 2 potions of ambrosia {unknown}
 i - 3 potions of might {unknown}
 j - 8 potions of curing {unknown}
 o - 7 potions of brilliance {unknown}
 p - a potion of cancellation {unknown}
 q - 4 potions of attraction {unknown}
 u - a potion of resistance {unknown}
 C - 4 potions of haste {unknown}
 D - 4 potions of flight {unknown}
 H - 2 potions of lignification {unknown}
 K - a potion of degeneration {unknown}
 N - a potion of invisibility {unknown}
 R - a potion of berserk rage {unknown}
 Z - a potion of mutation {unknown}


   Skills:
 - Level 5.3 Armour
 - Level 5.7 Dodging
 - Level 1.7 Stealth
 - Level 11.2 Spellcasting
 - Level 10.0 Conjurations
 + Level 11.4 Translocations


You had 26 spell levels left.
You knew the following spells:

 Your Spells              Type           Power      Damage    Failure   Level
a - Magic Dart            Conj           100%       1d8       1%          1
b - Searing Ray           Conj           100%       2d8       1%          2
c - Iskenderun's Mystic   Conj/Tloc      85%        2d17      1%          4

Your spell library contained the following spells:

 Spells                   Type           Power      Damage    Failure   Level
 Apportation              Tloc           100%       N/A       1%          1
 Gell's Gravitas          Tloc           68%        N/A       1%          3
 Teleport Other           Tloc           68%        N/A       1%          3
 Dazzling Flash           Conj/Hex       100%       N/A       3%          3
 Necrotise                Necr           60%        1d7       8%          1
 Summon Small Mammal      Summ           60%        N/A       8%          1
 Fulminant Prism          Conj/Hex       30%        3d16      10%         4
 Dispersal                Tloc           34%        N/A       11%         6
 Agony                    Necr           15%        N/A       91%         5
 Silence                  Hex/Air        7%         N/A       91%         5


Dungeon Overview and Level Annotations

Branches:
Dungeon (13/15)            Temple (0/1) D:7            Lair (0/5) D:10
    Orc (0/2) D:12
 Vaults: D:13-14

Annotations:
D:13 Jorgrun


Innate Abilities, Weirdness & Mutations

You have an increased reservoir of magic. (+10% MP)
You shall have no god before yourself.
Your divine heritage dramatically boosts your attributes as you level up.


Message History

g - Guard the area. f - Follow me.
Anything else - Cancel.
You shout for attention!
You hear a shout!
Some rock shatters into small pieces.
Jorgrun Earthshaker comes into view.
He is wielding a +0 heavy quarterstaff.
Casting: Iskenderun's Mystic Blast (mildly dangerous; 1% risk of failure)
Confirm with . or Enter, or press ? or * to list all spells.
You feel a surge of power!
You erupt in a blast of force!
The mystic blast hits Jorgrun!
Jorgrun is lightly wounded.
Jorgrun is knocked back by the mystic blast.
You now have 27/31 mp.
You climb upwards.
There is a stone staircase leading down here.
You start resting.
Magic restored.
MP restored: 31 You climb downwards.
Level annotation: Jorgrun Jorgrun says, "May tha earth consume ye!"
There is a stone staircase leading up here.
Casting: Iskenderun's Mystic Blast (mildly dangerous; 1% risk of failure)
Confirm with . or Enter, or press ? or * to list all spells.
Okay, then.
Casting: Iskenderun's Mystic Blast (mildly dangerous; 1% risk of failure)
Confirm with . or Enter, or press ? or * to list all spells.
You feel a surge of power!
You erupt in a blast of force!
The mystic blast hits Jorgrun!
Jorgrun is lightly wounded.
Jorgrun is knocked back by the mystic blast.
Jorgrun slams into the rock wall!
Jorgrun casts a spell at you. The iron shot hits you!!!
Ouch! That really hurt!
* * * LOW HITPOINT WARNING * * *
You take 48 damage, and have 33/81 hp.
MASSIVE DAMAGE!!
You now have 27/31 mp.
Jorgrun casts a spell at you. The iron shot hits you!!!
Ouch! That really hurt!
You die...

. ##.
.... ..
... #..
##..
##g.
...
.... ..
..# .##
#.#..#
#@.#
#....#
...#..#
.....
....
..###.#
....# .
##
...#.#
...###
#..#


You could see Jorgrun.

Vanquished Creatures
  A hydra (D:13)
  3 two-headed ogres
  2 boulder beetles (D:11)
  Pikel (D:5)
  4 cyclopes
  A deep elf pyromancer (D:12)
  A manticore (D:12)
  2 gargoyles
  An unseen horror (D:10)
  A kobold demonologist (D:11)
  3 polar bears (D:12)
  3 trolls
  Grinder (D:6)
  5 slime creatures (D:12)
  Sigmund (D:3)
  2 shadows
  A spriggan (shapeshifter) (D:11)
  A centaur simulacrum (D:12)
  A vampire (D:12)
  3 wyverns
  A water elemental (D:12)
  A basilisk (D:11)
  25 yaks
  2 wraiths
  3 vampire mosquitoes (D:12)
  A steam dragon (D:7)
  Edmund (D:5)
  Menkaure (D:6)
  An acid dragon (D:12)
  3 water moccasins (D:10)
  2 ice beasts
  A meliai simulacrum (D:12)
  A sky beast (D:8)
  7 black bears
  4 orc warriors
  7 ogres
  2 centaurs
  2 wolves (D:12)
  3 lemures (D:5)
  A phantom (D:6)
  5 kobold brigands
  3 bullfrogs
  3 scorpions
  5 gnoll sergeants
  3 wights (D:9)
  5 killer bees (D:10)
  A howler monkey (D:9)
  3 electric eels (D:12)
  4 orc priests
  2 jellies (D:6)
  3 iguanas
  9 orc wizards
  Robin (D:4)
  14 gnolls
  3 adders
  10 white imps
  2 ufetubi
  2 worms (D:2)
  42 orcs
  10 ball pythons
  4 bats
  3 bat zombies (D:11)
  3 endoplasms
  2 giant cockroaches (D:4)
  11 goblins
  11 hobgoblins
  11 jackals
  20 kobolds
  2 quokkas (D:2)
  2 frilled lizards
  2 rats (D:1)
308 creatures vanquished.

Vanquished Creatures (others)
  An orc wizard (D:6)
1 creature vanquished.

Grand Total: 309 creatures vanquished

Notes
Turn   | Place    | Note
-------+----------+-------------------------------------------
     0 | D:1      | spardeous the Demigod Conjurer began the quest for the Orb.
     0 | D:1      | Reached XP level 1. HP: 14/14 MP: 5/5
   765 | D:1      | Reached XP level 2. HP: 20/20 MP: 5/7
  1466 | D:2      | Reached XP level 3. HP: 26/26 MP: 6/9
  1809 | D:2      | Learned a level 2 spell: Searing Ray
  2233 | D:3      | Noticed Sigmund
  2290 | D:3      | Killed Sigmund
  2291 | D:3      | Reached skill level 5 in Conjurations
  2291 | D:3      | Reached XP level 4. HP: 26/33 MP: 2/12
  2291 | D:3      | Reached XP level 5. HP: 29/38 MP: 2/13
  2629 | D:3      | Identified the +1 robe "Baeb" {Contam rN+ Int+7}
  4077 | D:4      | Reached XP level 6. HP: 45/45 MP: 13/15
  4235 | D:4      | Noticed Robin
  4301 | D:4      | Killed Robin
  4489 | D:5      | Entered Level 5 of the Dungeon
  4521 | D:5      | Learned a level 4 spell: Iskenderun's Mystic Blast
  4852 | D:5      | Noticed Pikel
  4864 | D:5      | Killed Pikel
  4865 | D:5      | Reached skill level 5 in Spellcasting
  4865 | D:5      | Reached XP level 7. HP: 38/50 MP: 1/18
  4984 | D:5      | Identified the +6 long sword of Bijivoic {speed, rF+}
  5193 | D:5      | Noticed Edmund
  5203 | D:5      | Killed Edmund
  5359 | D:5      | Reached XP level 8. HP: 57/57 MP: 17/20
  6211 | D:6      | Noticed Grinder
  6218 | D:6      | Paralysed by Grinder for 2 turns
  6222 | D:6      | Killed Grinder
  6224 | D:6      | Noticed Menkaure
  6228 | D:6      | Killed Menkaure
  6432 | D:6      | Reached skill level 1 in Translocations
  6680 | D:6      | You fall into a shaft and drop 1 floor!
  6937 | D:6      | Reached XP level 9. HP: 62/62 MP: 16/23
  7320 | D:6      | Reached skill level 5 in Translocations
  8328 | D:7      | Found a staircase to the Ecumenical Temple.
  9375 | D:8      | Noticed an angel
  9388 | D:8      | Noticed a two-headed ogre
  9462 | D:8      | Killed a two-headed ogre
  9463 | D:8      | Reached XP level 10. HP: 56/69 MP: 5/24
 10720 | D:9      | Noticed a two-headed ogre
 10738 | D:9      | Killed a two-headed ogre
 11062 | D:9      | Noticed a cyclops
 11073 | D:9      | Killed a cyclops
 12071 | D:9      | Identified a scroll of acquirement
 12075 | D:9      | Reached skill level 5 in Armour
 12075 | D:9      | Reached skill level 5 in Dodging
 12075 | D:9      | Reached XP level 11. HP: 74/74 MP: 28/28
 12076 | D:9      | Acquired 1135 gold pieces
 12101 | D:10     | Entered Level 10 of the Dungeon
 12440 | D:10     | Reached skill level 10 in Spellcasting
 13304 | D:10     | Found a staircase to the Lair.
 13587 | D:11     | Reached XP level 12. HP: 81/81 MP: 15/31
 14765 | D:12     | Noticed a boulder beetle
 15050 | D:12     | Noticed a boulder beetle
 15184 | D:11     | Killed a boulder beetle
 15526 | D:11     | Killed a boulder beetle
 16311 | D:12     | Reached skill level 10 in Conjurations
 16640 | D:12     | Reached skill level 10 in Translocations
 16765 | D:12     | Identified the ring of Giamy {Drain rElec rF+ Will+ SInv}
 17563 | D:12     | Found a staircase to the Orcish Mines.
 17813 | D:13     | Noticed a centaur warrior
 17823 | D:13     | Noticed a five-headed hydra
 17827 | D:13     | Killed a five-headed hydra
 17915 | D:13     | Noticed a death knight
 17915 | D:13     | Noticed a centaur warrior
 18146 | D:13     | Noticed Jorgrun
 18168 | D:13     | Killed from afar by Jorgrun

Illustrated notes

Levels and vault maps discovered:
D:1:      lemuel_arrival_river_ford, layout_basic, minmay_ruptured
D:2:      layout_loops_ring, minmay_hedge_maze
D:3:      layout_basic, uniq_sigmund
D:4:      layout_basic, mainiacjoe_overflow_catwalk_spiral, uniq_robin
D:5:      layout_basic, mainiacjoe_overflow_surrounded_room,
          small_statue_alley_b, uniq_edmund, uniq_pikel
D:6:      minmay_angry_zag, layout_rooms, hangedman_abyss_or_decor_stagger,
          uniq_grinder, uniq_menkaure
D:7:      layout_loops_ring, minmay_temple_entry_antechambers,
          mrwooster_statue_mirror
D:8:      layout_basic, zin_angel, minmay_misc_feat_five
D:9:      layout_basic, eino_curves_03, minmay_statues_item
D:10:     layout_gridville, okawaru_gym_becter, due_lair_maze_entry_diamond
D:11:     layout_rooms, serial_park_tiny_1, lemuel_zombie_altar_kikubaaqudgha
D:12:     layout_loops_ring, kennysheep_orc_monster_closet_entryway, serial_ice,
          serial_ice_k, serial_ice_o, serial_ice_f, serial_ice_d, serial_ice_c,
          serial_ice_b, serial_ice_h, serial_ice_n, kennysheep_generic_room_2
D:13:     layout_cave_pools, david_vaults_1, minivault_21, uniq_frances,
          uniq_jorgrun, uniq_josephine

Skill      XL: |  1  2  3  4  5  6  7  8  9 10 11 12 |
---------------+-------------------------------------+-----
Spellcasting   | 2 3 4 5 6 7 9 10 11 | 11.2
Conjurations   | 4 5 6 7 8 10 | 10.0
Translocations | 3 9 11 | 11.4
Armour         | 5 |  5.3
Dodging        | 5 |  5.7
Stealth        | |  1.7

Action                     |  1- 3 |  4- 6 |  7- 9 | 10-12 || total
---------------------------+-------+-------+-------+-------++-------
  Melee: Trident           |       |       |     2 |       ||     2
         Long sword        |       |       |       |    57 ||    57
         Staff             |       |       |       |     2 ||     2
   Cast: Magic Dart        |    56 |    60 |    12 |       ||   128
         Searing Ray       |     5 |    13 |    58 |     7 ||    83
         Iskenderun's Myst |       |       |    18 |   230 ||   248
    Use: Scroll            |       |       |       |    10 ||    10
         Potion            |       |       |       |     1 ||     1
 Armour: Robe              |    10 |     1 |       |       ||    11
         Ring mail         |       |     2 |    29 |    39 ||    70
         Acid dragon scale |       |       |       |    17 ||    17
  Dodge: Dodged            |    22 |    12 |    28 |    74 ||   136
  Block: Buckler           |       |       |     5 |    37 ||    42
